 Dungeon Crawl Stone Soup version 0.17.1-1-g73c8601 (webtiles) character file.

1589 Runnr the Skirmisher (level 8, -4/53 HPs)
             Began as a Gargoyle Fighter on Jan 2, 2016.
             Slain by trantor's ghost (12 damage)
             ... on level 6 of the Dungeon.
             The game lasted 00:11:00 (4997 turns).

Runnr the Skirmisher (Gargoyle Fighter)             Turns: 4997, Time: 00:11:00

Health: -4/53      AC: 14    Str: 26    XL:     8   Next: 92%
Magic:  8/8        EV:  8    Int:  8    God:
Gold:   155        SH: 11    Dex: 11    Spells: 0 memorised, 7 levels left

rFire  . . .     SeeInvis .     G - +1 war axe (freeze)
rCold  . . .     Clarity  .     b - +0 scale mail
rNeg   + . .     SustAt   .     c - +0 shield
rPois  ∞         Gourm    .     (no helmet)
rElec  +         Spirit   .     (no cloak)
rCorr  .         Warding  .     (no gloves)
rMut   .         Stasis   +     x - +0 pair of boots
MR     .....                    s - amulet of stasis
Stlth  +.........               (no ring)
                                w - ring of stealth

@: mighty, not resistant to hostile enchantments, very unstealthy
A: negative energy resistance 1, electricity resistance, unbreathing,
petrification resistance, rot immunity, AC +5
a: no special abilities


You were on level 6 of the Dungeon.
You were not hungry.

You visited 1 branch of the dungeon, and saw 6 of its levels.

You collected 155 gold pieces.

Inventory:

Hand Weapons
 y - a +0 blowgun
 G - a +1 war axe of freezing (weapon)
Missiles
 z - 13 poisoned needles
Armour
 b - a +0 scale mail (worn)
 c - a +0 shield (worn)
 x - a +0 pair of boots (worn)
Jewellery
 s - an amulet of stasis (around neck)
 w - a ring of stealth (left hand)
Scrolls
 a - a scroll of immolation {unknown}
 f - 3 scrolls of identify {unknown}
 g - a scroll of recharging {unknown}
 h - 3 scrolls of blinking
 i - 3 scrolls of remove curse
 q - 2 scrolls of teleportation {unknown}
 t - a scroll of magic mapping {unknown}
 v - 2 scrolls of random uselessness {unknown}
 E - a scroll of amnesia {unknown}
 I - a scroll of fog {unknown}
Potions
 d - a potion of might
 j - 2 potions of curing
 l - a potion of cure mutation {unknown}
 m - a potion of heal wounds {unknown}
 n - 2 potions of agility {unknown}
 o - 3 potions of brilliance {unknown}
 r - a potion of magic {unknown}
 A - a potion of invisibility {unknown}
 C - a potion of flight {unknown}
Books
 D - a book of Callings

   Spells                             Type                      Level
   a - Summon Small Mammal            Summoning                    1
   b - Call Imp                       Summoning                    2
   c - Call Canine Familiar           Summoning                    3
   d - Summon Guardian Golem          Hexes/Summoning              3
   e - Summon Lightning Spire         Summoning/Air                4
   f - Summon Ice Beast               Ice/Summoning                4
 F - a book of Debilitation

   Spells                             Type                      Level
   a - Corona                         Hexes                        1
   b - Slow                           Hexes                        2
   c - Gell's Gravitas                Hexes/Translocation          3
   d - Inner Flame                    Hexes/Fire                   3
   e - Cause Fear                     Hexes                        4
   f - Leda's Liquefaction            Hexes/Earth                  4
Comestibles
 e - 7 bread rations
 k - 2 royal jellies
 p - 2 meat rations
 u - 2 beef jerkies
 B - a slice of pizza


   Skills:
 + Level 7.0 Fighting
 + Level 5.0 Axes
 + Level 6.8 Armour
 + Level 6.8 Shields


You had 7 spell levels left.
You didn't know any spells.

Dungeon Overview and Level Annotations

Branches:
Dungeon (6/15)
 Temple: D:4-7

Altars:

Shops:
D:5 !

Annotations:
D:5 srt19170's ghost, amateur DECj
D:6 trantor's ghost, novice MiFi


Innate Abilities, Weirdness & Mutations

You are resistant to torment.
Your stone body is resilient (AC +5).
You are immune to poison.
You resist negative energy.
You are resistant to electric shocks.
You can survive without breathing.
You are immune to petrification.
You are immune to rotting.


Message History

Trantor's ghost is moderately damaged.
Trantor's ghost hits you!
You slash trantor's ghost! You freeze trantor's ghost.
Trantor's ghost is heavily damaged.
Trantor's ghost hits you but does no damage.
You block trantor's ghost's attack.
You slash trantor's ghost! You freeze trantor's ghost.
Trantor's ghost is severely damaged.
Trantor's ghost hits you.
You slash trantor's ghost! You freeze trantor's ghost.
Trantor's ghost is severely damaged.
Trantor's ghost hits you!
You closely miss trantor's ghost.
Trantor's ghost is severely damaged.
Trantor's ghost hits you!
* * * LOW HITPOINT WARNING * * *
You barely miss trantor's ghost.
Trantor's ghost is severely damaged.
Trantor's ghost hits you!
You die...

.###. ..$.. ....
#..# #..# ##
#..###
##...####....####
#......W@<.......
.......#######.##
#...... ......#
...... .#....
##.# $#


You could see trantor's ghost.

Vanquished Creatures
  Grinder (D:5)
  Edmund (D:4)
  A phantom (D:5)
  An orc warrior (D:6)
  An ogre (D:5)
  A necrophage (D:4)
  A centaur (D:5)
  A giant frog (D:4)
  A scorpion (D:4)
  4 wights (D:5)
  A centaur zombie (D:5)
  An orc priest (D:5)
  A hound (D:6)
  An iguana (D:6)
  A centaur skeleton (D:4)
  Terence (D:3)
  A gnoll shaman (D:6)
  2 orc wizards (D:4)
  3 worker ants (D:4)
  A hound zombie (D:4)
  3 gnolls (D:6)
  6 adders
  An ooze (D:4)
  3 adder skeletons (D:4)
  3 worms
  7 giant geckos
  24 orcs
  A ball python (D:4)
  8 bats
  3 giant cockroaches
  5 goblins
  4 hobgoblins
  2 jackals (D:1)
  A quokka (D:4)
  4 giant newts
  A jackal zombie (D:5)
  13 kobolds
  A quokka skeleton (D:5)
  8 rats
124 creatures vanquished.

Vanquished Creatures (others)
  A plant (D:1)
1 creature vanquished.

Grand Total: 125 creatures vanquished

Notes
Turn   | Place    | Note
--------------------------------------------------------------
     0 | D:1      | Runnr the Gargoyle Fighter began the quest for the Orb.
     0 | D:1      | Reached XP level 1. HP: 14/14 MP: 1/1
   155 | D:1      | Reached XP level 2. HP: 19/19 MP: 2/2
   544 | D:1      | Reached XP level 3. HP: 23/23 MP: 3/3
  1020 | D:2      | Reached skill level 4 in Fighting
  1020 | D:2      | Reached XP level 4. HP: 21/29 MP: 4/4
  1471 | D:3      | Noticed Terence
  1489 | D:3      | Killed Terence
  1872 | D:4      | Reached XP level 5. HP: 23/34 MP: 5/5
  2222 | D:4      | Reached XP level 6. HP: 23/40 MP: 6/6
  2416 | D:4      | Reached skill level 5 in Fighting
  2460 | D:4      | Noticed Edmund
  2585 | D:4      | Killed Edmund
  2585 | D:4      | Reached skill level 5 in Armour
  2585 | D:4      | Reached skill level 5 in Shields
  2585 | D:4      | Reached XP level 7. HP: 14/44 MP: 7/7
  3292 | D:5      | Entered Level 5 of the Dungeon
  3299 | D:5      | Noticed srt19170's ghost (amateur DECj)
  3884 | D:5      | Reached skill level 6 in Fighting
  3884 | D:5      | Reached XP level 8. HP: 43/51 MP: 8/8
  4485 | D:5      | Found Istreudos's Distillery.
  4631 | D:5      | Noticed Grinder
  4654 | D:5      | Killed Grinder
  4701 | D:5      | Reached skill level 5 in Axes
  4986 | D:6      | Noticed trantor's ghost (novice MiFi)
  4991 | D:6      | Reached skill level 7 in Fighting
  4997 | D:6      | Slain by trantor's ghost

Action                   |  1- 3 |  4- 6 |  7- 9 || total
-------------------------+-------+-------+-------++-------
Melee: War axe           |   137 |   184 |   234 ||   555
  Use: Scroll            |       |       |     2 ||     2
       Potion            |       |       |     2 ||     2
  Eat: Chunk             |       |     6 |     8 ||    14
